 Dungeon Crawl Stone Soup version 0.21.3-3-g218456f21e (webtiles) character file.

55556 MordorOrchid the Thaumaturge (level 14, -17/133 HPs)
             Began as a Gnoll Wanderer on Aug 13, 2022.
             Killed from afar by a necromancer (37 damage)
             ... with a bolt of fire
             ... in an ice cave.
             The game lasted 02:27:38 (14870 turns).

MordorOrchid the Thaumaturge (Gnoll Wanderer)      Turns: 14870, Time: 02:27:39

Health: -17/133    AC:  8    Str: 16    XL:     14   Next: 77%
Magic:  29/29      EV: 14    Int: 22    God:
Gold:   1404       SH:  0    Dex: 11    Spells: 18/36 levels left

rFire    x . .     SeeInvis .     - Unarmed
rCold    + + +     Gourm    .   (shield currently unavailable)
rNeg     . . .     Faith    .   (armour currently unavailable)
rPois    +         Spirit   .   (helmet currently unavailable)
rElec    .         Reflect  .   (cloak currently unavailable)
rCorr    .         Harm     .   (gloves currently unavailable)
MR       +....                  (boots currently unavailable)
Stlth    +++++.....             z - amulet "Ruyxo" {RegenMP Stlth+}
HPRegen  0.32/turn              p - ring of poison resistance
MPRegen  0.46/turn              A - +5 ring of slaying

@: ice-form
A: large, distributed training, strong nose
a: End Transformation


You were in an ice cave.
You were not hungry.
You were a creature of crystalline ice.
You visited 3 branches of the dungeon, and saw 17 of its levels.
You also visited: Ossuary and Ice Cave.

You collected 1404 gold pieces.

Inventory:

Hand Weapons
 a - a +9 war axe
 j - the +7 fustibalus "Quhurgho" (melded) {freeze, rPois}
   (You took it off an orc priest on level 12 of the Dungeon)

   It causes projectiles fired from it to freeze those they strike, causing
   extra injury to most foes and up to half again as much damage against
   particularly susceptible opponents.
   They can also slow down cold-blooded creatures.
   It protects you from poison.
 y - a +3 dagger
 Y - a +3 dagger of chaos
 Z - a +1 hunting sling of flaming
Missiles
 f - 160 stones
 s - 6 sling bullets
 v - 36 tomahawks (quivered)
 O - 413 arrows
 V - a throwing net
Armour
 k - a +0 shield (melded)
 B - a scarf of spirit shield (melded)
 H - a +1 ring mail of cold resistance (melded)
 Q - a +0 helmet (melded)
Jewellery
 p - a ring of poison resistance (left front paw)
 r - an uncursed ring of positive energy
 z - the amulet "Ruyxo" (around neck) {RegenMP Stlth+}
   (You found it on level 5 of the Dungeon)

   [amulet of magic regeneration]

   It increases your magic regeneration.
   It makes you more stealthy.
 A - a +5 ring of slaying (right front paw)
 T - an uncursed amulet of regeneration
Wands
 e - a wand of iceblast (11)
 R - a wand of random effects (27)
Scrolls
 h - 6 scrolls of immolation
 i - a scroll of fear
 l - a scroll of fog
 n - 7 scrolls of remove curse
 t - 7 scrolls of teleportation
 D - a scroll of blinking
 G - 7 scrolls of enchant armour
 K - a scroll of magic mapping
 S - a scroll of vulnerability
 X - a scroll of amnesia
Potions
 o - a potion of magic
 u - 6 potions of brilliance
 w - 4 potions of heal wounds
 x - a potion of ambrosia
 E - 4 potions of curing
 J - 2 potions of lignification
 L - 3 potions of flight
 M - a potion of invisibility
 N - a potion of agility
 W - 2 potions of haste
Books
 b - a book of Changes

   Spells                             Type                      Level
   a - Beastly Appendage              Transmutation                1
   b - Sticks to Snakes               Transmutation                2
   c - Spider Form                    Transmutation/Poison         3
   d - Ice Form                       Ice/Transmutation            4
   e - Blade Hands                    Transmutation                5
 c - the Tome of Stolen Souls

   Spells                             Type                      Level
   a - Corpse Rot                     Necromancy                   2
   b - Sublimation of Blood           Necromancy                   2
 F - a book of Party Tricks

   Spells                             Type                      Level
   a - Summon Butterflies             Summoning                    1
   b - Apportation                    Translocation                1
   c - Lesser Beckoning               Translocation                3
   d - Tukima's Dance                 Hexes                        3
   e - Alistair's Intoxication        Transmutation/Poison         5
   f - Invisibility                   Hexes                        6
 I - a book of Misfortune

   Spells                             Type                      Level
   a - Confusing Touch                Hexes                        1
   b - Confuse                        Hexes                        3
   c - Gell's Gravitas                Translocation                3
   d - Petrify                        Transmutation/Earth          4
   e - Metabolic Englaciation         Hexes/Ice                    5
   f - Yara's Violent Unravelling     Hexes/Transmutation          5
 U - a book of Beasts

   Spells                             Type                      Level
   a - Summon Butterflies             Summoning                    1
   b - Call Canine Familiar           Summoning                    3
   c - Summon Ice Beast               Ice/Summoning                4
   d - Summon Mana Viper              Hexes/Summoning              5
   e - Summon Hydra                   Summoning                    7
Comestibles
 d - 25 rations


   Skills:
 + Level 10.4 Fighting
 + Level 9.3 Short Blades
 + Level 9.3 Long Blades
 + Level 11.2 Axes
 + Level 9.3 Maces & Flails
 + Level 9.3 Polearms
 + Level 9.3 Staves
 + Level 9.3 Slings
 + Level 9.3 Bows
 + Level 9.3 Crossbows
 + Level 9.3 Throwing
 + Level 9.3 Armour
 + Level 9.3 Dodging
 + Level 9.6 Stealth
 + Level 9.7 Shields
 + Level 9.3 Unarmed Combat
 + Level 11.5 Spellcasting
 + Level 7.8 Conjurations
 + Level 7.8 Hexes
 + Level 7.8 Charms
 + Level 7.8 Summonings
 + Level 7.8 Necromancy
 + Level 7.8 Translocations
 + Level 7.8 Transmutations
 + Level 7.8 Fire Magic
 + Level 7.8 Ice Magic
 + Level 7.8 Air Magic
 + Level 7.8 Earth Magic
 + Level 7.8 Poison Magic
 + Level 10.1 Invocations
 + Level 9.3 Evocations


You had 18 spell levels left.
You knew the following spells:

 Your Spells              Type           Power        Failure   Level  Hunger
a - Call Canine Familiar  Summ           #####...     1%          3    None
c - Confuse               Hex            #####...     1%          3    None
d - Tukima's Dance        Hex            #####...     1%          3    None
s - Summon Butterflies    Summ           #####...     1%          1    None
t - Sticks to Snakes      Tmut           #####...     1%          2    None
y - Ice Form              Ice/Tmut       #####...     1%          4    None
z - Apportation           Tloc           #####.       1%          1    None
A - Confusing Touch       Hex            #####.       1%          1    None


Dungeon Overview and Level Annotations

Branches:
Dungeon (15/15)            Temple (1/1) D:5             Orc (1/2) D:12
 Vaults (0/5) D:13         Depths (0/5) D:15
   Lair: D:8-11

Altars:
Ashenzari
Dithmenos
Elyvilon
Fedhas
Hepliaklqana
Kikubaaqudgha
Nemelex Xobeh
Okawaru
Qazlal
Ru
Trog
Vehumet
Wu Jian
Xom
Yredelemnul
Zin
The Shining One

Shops:
D:4 [   D:11 [   D:14 :

Annotations:
D:9 1 transporter


Innate Abilities, Weirdness & Mutations

Your experience applies equally to all skills.
((You have very sharp teeth.))
Your uncanny sense of smell can sniff out nearby items.


Message History

You resist.
You pummel the draconian simulacrum!!
The draconian simulacrum vapourises!
You hear some strange, mumbled words.
Your body is wracked with pain!
The draconian simulacrum hits you but does no damage.
You are too injured to fight recklessly!
You are too injured to fight recklessly!
Unknown command.
Unknown command.
You hear some strange, mumbled words.
Your body is wracked with pain!
* * * LOW HITPOINT WARNING * * *
You hear some strange, mumbled words.
Your body is wracked with pain!
* * * LOW HITPOINT WARNING * * *
You hear some strange, mumbled words.
A bolt of fire appears from out of thin air!
The bolt of fire hits you! The fire burns you terribly!
You die...

###### ###.##.## ######
##..Z.Z..######....#####
#...##.#...##....#.....###
##^...#####.Y..#####..#...#
##..Z...## ##.### ####..##
#........## ### ##..###
###.Z.Z.....# ###...###
#....####...# ####.......##
#.ZZ##∆∆ #...# #...........#
##..#∆∆∆∆ ..## #.[.........#
##§.......#########.........#
##.Z....###...## ##........##


You could see 2 draconian simulacra.

Vanquished Creatures
  A frost giant (D:15)
  The ghost of wlmhamsi the Unseen, a journeyman OpCj of Vehumet (D:12)
  A hydra (D:12)
  The ghost of Rhok the Cleaver, a journeyman DsGl of Gozag (D:11)
  The ghost of TheNamelessOne the Basher, a journeyman DsFi of Wu Jian (D:11)
  4 vault guards (D:13)
  Erica (Orc:1)
  2 centaur warriors
  6 two-headed ogres
  2 tengu warriors (D:13)
  A skeletal warrior (D:14)
  3 unseen horrors
  A phantasmal warrior (D:14)
  2 orc knights
  Pikel (D:6)
  11 ugly things
  A deep elf mage (D:13)
  6 cyclopes
  2 orc sorcerers
  The ghost of iamserjio the Changer, a novice OgTm (D:5)
  Psyche (D:9)
  Maurice (Orc:1)
  An ice statue (IceCv)
  2 gargoyles
  3 centaur skeletons
  2 kobold demonologists (D:15)
  10 freezing wraiths (IceCv)
  2 yaktaurs
  2 komodo dragons
  11 trolls
  3 hornets
  11 slime creatures
  5 hippogriffs
  A meliai zombie (D:14)
  Sigmund (D:3)
  A spriggan (D:10)
  A vampire (D:15)
  2 shadows
  5 wraiths
  Grum (D:9)
  A human (D:13)
  10 yaks
  2 wyverns
  A death yak simulacrum (IceCv)
  2 hungry ghosts
  3 wargs
  Menkaure (D:6)
  A water moccasin (D:15)
  14 orc warriors
  8 sky beasts
  7 ice beasts
  5 phantoms
  2 black bears
  4 wolves (D:9)
  2 slaves (D:6)
  2 necrophages (D:10)
  8 ogres
  3 eyes of draining
  2 crocodiles
  14 centaurs
  5 big kobolds
  9 bullfrogs
  2 gnoll sergeants
  7 scorpions
  13 killer bees
  An elephant simulacrum (IceCv)
  10 wights
  5 crimson imps
  2 bullfrog zombies
  6 centaur zombies
  A quasit (D:10)
  9 orc priests
  8 jellies
  3 draconian simulacra (IceCv)
  11 hounds
  A gnoll shaman (D:9)
  3 iguanas
  21 orc wizards
  2 bullfrog skeletons
  Terence (D:3)
  A polar bear simulacrum (IceCv)
  8 worker ants
  2 spriggan simulacra (IceCv)
  A killer bee zombie (D:6)
  5 troll simulacra (IceCv)
  A big kobold zombie (Ossuary)
  A centaur simulacrum (IceCv)
  A hound skeleton (D:9)
  9 mummies
  The ghost of Sapher the Grave Robber, a weakling VSNe (D:4)
  11 gnolls
  A howler monkey skeleton (D:6)
  11 adders
  A naga simulacrum (IceCv)
  An ogre simulacrum (IceCv)
  2 shadow imps
  24 white imps
  4 oozes (D:5)
  3 worms
  3 dart slugs
  7 leopard geckos
  51 orcs
  6 bats
  4 giant cockroaches
  3 gnoll zombies (Ossuary)
  3 goblins
  6 hobgoblins (D:2)
  23 jackals
  6 kobolds
  9 quokkas
  A ball python (D:4)
  5 frilled lizards
  A jackal skeleton (D:7)
  A kobold zombie (Ossuary)
  3 orc zombies (Ossuary)
  9 rats
556 creatures vanquished.

Vanquished Creatures (collateral kills)
  A vault guard (D:13)
  2 wizards (D:13)
  A wolf spider simulacrum (IceCv)
  An ice beast (IceCv)
5 creatures vanquished.

Vanquished Creatures (others)
  2 dancing weapons
  A bush (D:11)
  A fungus (D:5)
  9 toadstools (D:5)
13 creatures vanquished.

Grand Total: 574 creatures vanquished

Notes
Turn   | Place    | Note
-------+----------+-------------------------------------------
     0 | D:1      | MordorOrchid the Gnoll Wanderer began the quest for the Orb.
     0 | D:1      | MordorOrchid set off with: a +2 hand axe, a +0 ring mail, the Tome of Stolen Souls, a ration
     0 | D:1      | Reached XP level 1. HP: 20/20 MP: 8/8
     0 | D:1      | Identified the Tome of Stolen Souls
    98 | D:1      | Reached XP level 2. HP: 26/26 MP: 10/10
   352 | D:2      | Reached XP level 3. HP: 31/31 MP: 11/11
   436 | D:2      | Reached skill level 1 in Invocations
   611 | D:2      | Reached skill level 1 in Short Blades
   611 | D:2      | Reached skill level 1 in Long Blades
   611 | D:2      | Reached skill level 1 in Maces & Flails
   611 | D:2      | Reached skill level 1 in Polearms
   611 | D:2      | Reached skill level 1 in Staves
   611 | D:2      | Reached skill level 1 in Slings
   611 | D:2      | Reached skill level 1 in Bows
   611 | D:2      | Reached skill level 1 in Crossbows
   611 | D:2      | Reached skill level 1 in Throwing
   611 | D:2      | Reached skill level 1 in Armour
   611 | D:2      | Reached skill level 1 in Dodging
   611 | D:2      | Reached skill level 1 in Unarmed Combat
   611 | D:2      | Reached skill level 1 in Evocations
   703 | D:3      | Reached XP level 4. HP: 29/38 MP: 13/13
   855 | D:3      | Noticed Terence
   865 | D:3      | Killed Terence
   865 | D:3      | Reached skill level 1 in Conjurations
   865 | D:3      | Reached skill level 1 in Hexes
   865 | D:3      | Reached skill level 1 in Charms
   865 | D:3      | Reached skill level 1 in Summonings
   865 | D:3      | Reached skill level 1 in Necromancy
   865 | D:3      | Reached skill level 1 in Translocations
   865 | D:3      | Reached skill level 1 in Transmutations
   865 | D:3      | Reached skill level 1 in Fire Magic
   865 | D:3      | Reached skill level 1 in Ice Magic
   865 | D:3      | Reached skill level 1 in Air Magic
   865 | D:3      | Reached skill level 1 in Earth Magic
   865 | D:3      | Reached skill level 1 in Poison Magic
   944 | D:3      | Found a glowing golden altar of the Shining One.
  1013 | D:3      | Noticed Sigmund
  1017 | D:3      | Killed Sigmund
  1017 | D:3      | Reached XP level 5. HP: 43/43 MP: 14/14
  1017 | D:3      | Reached XP level 6. HP: 50/50 MP: 16/16
  1098 | D:4      | Found a bloodstained altar of Trog.
  1123 | D:4      | Noticed Sapher's ghost (weakling VSNe)
  1143 | D:4      | Killed Sapher's ghost
  1309 | D:4      | Reached skill level 5 in Fighting
  1461 | D:4      | Found a transporter.
  1461 | D:4      | Found a stormy altar of Qazlal.
  1466 | D:4      | Found a transporter.
  1587 | D:4      | Reached XP level 7. HP: 56/56 MP: 15/18
  1630 | D:4      | Learned a level 1 spell: Confusing Touch
  1699 | D:5      | Entered Level 5 of the Dungeon
  1808 | D:4      | Found Awidgh's Armour Boutique.
  1935 | D:5      | Found a hazy altar of Hepliaklqana.
  1963 | D:5      | Reached XP level 8. HP: 25/63 MP: 10/19
  1992 | D:5      | Noticed iamserjio's ghost (novice OgTm)
  2200 | D:5      | Killed iamserjio's ghost
  2257 | D:5      | Found a staircase to the Ecumenical Temple.
  2284 | D:5      | Got a steaming sapphire amulet
  2287 | Temple   | Entered the Ecumenical Temple
  2444 | D:5      | Found an ancient bone altar of Kikubaaqudgha.
  2518 | D:5      | Reached XP level 9. HP: 68/69 MP: 19/21
  2746 | D:5      | Reached skill level 5 in Shields
  2848 | D:6      | Reached skill level 5 in Stealth
  2914 | D:6      | Found a bloodstained altar of Trog.
  2915 | D:6      | Found a radiant altar of Vehumet.
  3070 | D:6      | Identified the amulet "Ruyxo" {RegenMP Stlth+} (You found it on level 5 of the Dungeon)
  3122 | D:6      | Noticed Pikel
  3135 | D:6      | Killed Pikel
  3135 | D:6      | Reached skill level 5 in Invocations
  3135 | D:6      | Reached XP level 10. HP: 65/77 MP: 19/22
  3161 | D:6      | Noticed Menkaure
  3166 | D:6      | Killed Menkaure
  3244 | D:6      | Found a sacrificial altar of Ru.
  3497 | D:7      | Reached skill level 5 in Short Blades
  3497 | D:7      | Reached skill level 5 in Long Blades
  3497 | D:7      | Reached skill level 5 in Maces & Flails
  3497 | D:7      | Reached skill level 5 in Polearms
  3497 | D:7      | Reached skill level 5 in Staves
  3497 | D:7      | Reached skill level 5 in Slings
  3497 | D:7      | Reached skill level 5 in Bows
  3497 | D:7      | Reached skill level 5 in Crossbows
  3497 | D:7      | Reached skill level 5 in Throwing
  3497 | D:7      | Reached skill level 5 in Armour
  3497 | D:7      | Reached skill level 5 in Dodging
  3497 | D:7      | Reached skill level 5 in Unarmed Combat
  3497 | D:7      | Reached skill level 5 in Evocations
  3605 | D:7      | Found a sand-covered staircase.
  3651 | Ossuary  | Entered an ossuary
  4802 | D:9      | Learned a level 1 spell: Summon Butterflies
  4816 | D:9      | Noticed Psyche
  4826 | D:9      | Killed Psyche
  4933 | D:9      | Learned a level 2 spell: Sticks to Snakes
  4948 | D:9      | Noticed Grum
  4978 | D:9      | Killed Grum
  5097 | D:8      | Noticed a two-headed ogre
  5104 | D:8      | Killed a two-headed ogre
  5104 | D:8      | Reached XP level 11. HP: 44/84 MP: 11/24
  5574 | D:9      | Noticed a two-headed ogre
  5781 | D:9      | Noticed a two-headed ogre
  6006 | D:9      | Found a transporter.
  6038 | D:10     | Entered Level 10 of the Dungeon
  6087 | D:10     | Reached skill level 5 in Conjurations
  6087 | D:10     | Reached skill level 5 in Hexes
  6087 | D:10     | Reached skill level 5 in Charms
  6087 | D:10     | Reached skill level 5 in Summonings
  6087 | D:10     | Reached skill level 5 in Necromancy
  6087 | D:10     | Reached skill level 5 in Translocations
  6087 | D:10     | Reached skill level 5 in Transmutations
  6087 | D:10     | Reached skill level 5 in Fire Magic
  6087 | D:10     | Reached skill level 5 in Ice Magic
  6087 | D:10     | Reached skill level 5 in Air Magic
  6087 | D:10     | Reached skill level 5 in Earth Magic
  6087 | D:10     | Reached skill level 5 in Poison Magic
  6253 | D:10     | Learned a level 3 spell: Call Canine Familiar
  6413 | D:10     | Noticed a two-headed ogre
  6440 | D:10     | Killed a two-headed ogre
  6897 | D:11     | Found Vaidd's Armour Shop.
  6947 | D:11     | Noticed a cyclops
  6957 | D:11     | Killed a cyclops
  6965 | D:11     | Noticed TheNamelessOne's ghost (journeyman DsFi)
  7028 | D:11     | Killed TheNamelessOne's ghost
  7167 | D:11     | Noticed Rhok's ghost (journeyman DsGl)
  7269 | D:11     | Noticed a cyclops
  7509 | D:11     | Killed a cyclops
  7509 | D:11     | Reached XP level 12. HP: 73/93 MP: 25/25
  8249 | D:11     | HP: 4/94 [Rhok's ghost (5)]
  8558 | D:11     | Killed Rhok's ghost
  8558 | D:11     | Reached skill level 10 in Spellcasting
  8607 | D:12     | Noticed wlmhamsi's ghost (journeyman OpCj)
  8680 | D:12     | Noticed a two-headed ogre
  8688 | D:11     | Killed a two-headed ogre
  8891 | D:12     | Killed wlmhamsi's ghost
  9023 | D:12     | Noticed an eight-headed hydra
  9276 | D:12     | Learned a level 3 spell: Confuse
  9669 | D:12     | Found a staircase to the Orcish Mines.
  9758 | D:12     | Got a fine fustibalus
  9767 | D:12     | Identified the +7 fustibalus "Quhurgho" {freeze, rPois} (You took it off an orc priest on level 12 of the Dungeon)
  9948 | D:12     | Reached skill level 10 in Axes
  9974 | D:12     | Killed an eight-headed hydra
 10072 | D:13     | Noticed a centaur warrior
 10074 | D:13     | Killed a centaur warrior
 10133 | D:12     | Reached XP level 13. HP: 76/101 MP: 27/27
 10556 | D:13     | Noticed a vault guard
 10898 | D:13     | Learned a level 1 spell: Apportation
 10902 | D:13     | Learned a level 3 spell: Tukima's Dance
 10907 | D:13     | Noticed a vault guard
 10926 | D:13     | Killed a vault guard
 10939 | D:13     | Noticed a vault guard
 10985 | D:13     | Killed a vault guard
 11844 | D:14     | Reached XP level 14. HP: 109/109 MP: 24/29
 11890 | D:14     | Found Ithawn's Book Emporium.
 11906 | D:14     | Found a shadowy altar of Dithmenos.
 12300 | D:15     | Entered Level 15 of the Dungeon
 12821 | D:15     | Reached skill level 10 in Fighting
 13147 | D:15     | Found a staircase to the Depths.
 13147 | D:15     | Noticed a frost giant
 13161 | D:15     | Killed a frost giant
 13533 | D:13     | Found a gate to the Vaults.
 13675 | Orc:1    | Entered Level 1 of the Orcish Mines
 13936 | Orc:1    | Noticed Maurice
 13945 | Orc:1    | Killed Maurice
 13945 | Orc:1    | Reached skill level 10 in Invocations
 14013 | Orc:1    | Noticed Erica
 14030 | Orc:1    | Killed Erica
 14066 | Orc:1    | Found a frozen archway.
 14076 | IceCv    | Entered an ice cave
 14492 | IceCv    | Found an ancient bone altar of Kikubaaqudgha.
 14826 | IceCv    | Learned a level 4 spell: Ice Form
 14870 | IceCv    | Killed from afar by a necromancer

Skill      XL: |  1  2  3  4  5  6  7  8  9 10 11 12 13 14 |
---------------+-------------------------------------------+-----
Invocations    | 1 2 3 4 5 6 7 8 9 10 | 10.1
Short Blades   | 1 2 3 4 5 6 7 8 9 |  9.3
Long Blades    | 1 2 3 4 5 6 7 8 9 |  9.3
Maces & Flails | 1 2 3 4 5 6 7 8 9 |  9.3
Polearms       | 1 2 3 4 5 6 7 8 9 |  9.3
Staves         | 1 2 3 4 5 6 7 8 9 |  9.3
Slings         | 1 2 3 4 5 6 7 8 9 |  9.3
Bows           | 1 2 3 4 5 6 7 8 9 |  9.3
Crossbows      | 1 2 3 4 5 6 7 8 9 |  9.3
Throwing       | 1 2 3 4 5 6 7 8 9 |  9.3
Armour         | 1 2 3 4 5 6 7 8 9 |  9.3
Dodging        | 1 2 3 4 5 6 7 8 9 |  9.3
Unarmed Combat | 1 2 3 4 5 6 7 8 9 |  9.3
Evocations     | 1 2 3 4 5 6 7 8 9 |  9.3
Conjurations   | 1 2 3 4 5 6 7 |  7.8
Hexes          | 1 2 3 4 5 6 7 |  7.8
Charms         | 1 2 3 4 5 6 7 |  7.8
Summonings     | 1 2 3 4 5 6 7 |  7.8
Necromancy     | 1 2 3 4 5 6 7 |  7.8
Translocations | 1 2 3 4 5 6 7 |  7.8
Transmutations | 1 2 3 4 5 6 7 |  7.8
Fire Magic     | 1 2 3 4 5 6 7 |  7.8
Ice Magic      | 1 2 3 4 5 6 7 |  7.8
Air Magic      | 1 2 3 4 5 6 7 |  7.8
Earth Magic    | 1 2 3 4 5 6 7 |  7.8
Poison Magic   | 1 2 3 4 5 6 7 |  7.8
Stealth        | 3 4 5 6 7 8 9 |  9.6
Shields        | 3 4 5 6 7 8 9 |  9.7
Fighting       | 5 6 7 8 9 10 | 10.4
Axes           | 7 8 9 10 11 | 11.2
Spellcasting   | 8 9 10 11 | 11.5

Action                   |  1- 3 |  4- 6 |  7- 9 | 10-12 | 13-15 || total
-------------------------+-------+-------+-------+-------+-------++-------
Melee: Hand axe          |   103 |    90 |   218 |   238 |       ||   649
       Bite              |     9 |     7 |    17 |    72 |    23 ||   128
       Dagger            |       |       |    23 |   254 |    49 ||   326
       Whip              |       |       |       |    11 |       ||    11
       Unarmed           |       |       |       |   108 |    32 ||   140
       War axe           |       |       |       |    14 |   143 ||   157
 Fire: Hunting sling     |     7 |    17 |    68 |   393 |    81 ||   566
       Fustibalus        |       |       |       |    39 |   479 ||   518
Throw: Tomahawk          |       |     1 |    11 |    13 |       ||    25
 Cast: Confusing Touch   |       |       |       |    53 |     6 ||    59
       Call Canine Famil |       |       |       |    12 |     4 ||    16
       Confuse           |       |       |       |    10 |   104 ||   114
       Apportation       |       |       |       |       |   205 ||   205
       Tukima's Dance    |       |       |       |       |     9 ||     9
       Summon Butterflie |       |       |       |       |     4 ||     4
       Sticks to Snakes  |       |       |       |       |    17 ||    17
       Ice Form          |       |       |       |       |     1 ||     1
Evoke: Wand              |       |     3 |     3 |    14 |       ||    20
  Use: Scroll            |     6 |     2 |     5 |    25 |     5 ||    43
       Potion            |       |     1 |     2 |     6 |       ||     9
 Stab: Confused          |       |       |       |    32 |    15 ||    47
       Sleeping          |       |       |       |     5 |     7 ||    12
       Invisible         |       |       |       |     3 |       ||     3
       Petrified         |       |       |       |     2 |       ||     2
       Distracted        |       |       |       |       |     1 ||     1
  Eat: Chunk             |       |     2 |     2 |     8 |    10 ||    22
       Ration            |       |       |     1 |     5 |     2 ||     8
Armor: Ring mail         |    50 |    10 |       |    79 |    50 ||   189
       Scale mail        |       |    17 |    75 |    88 |       ||   180
       Skin              |       |       |    18 |       |     2 ||    20
Dodge: Dodged            |    53 |    43 |    89 |   240 |    98 ||   523
Block: Buckler           |       |       |    40 |    21 |       ||    61
       Shield            |       |       |       |   224 |   128 ||   352
